 Dungeon Crawl Stone Soup version 0.19-a0-1895-g783e625 (webtiles) character file.

1008 tboon the Chopper (level 8, -5/70 HPs)
             Began as a Minotaur Fighter on Oct 18, 2016.
             Splashed by Pikel's acid (12 damage)
             ... on level 4 of the Dungeon.
             The game lasted 00:12:05 (3292 turns).

tboon the Chopper (Minotaur Fighter)                Turns: 3292, Time: 00:12:06

Health: -5/70      AC: 10    Str: 22    XL:     8   Next: 1%
Magic:  7/7        EV:  9    Int:  6    God:
Gold:   223        SH: 10    Dex: 10    Spells: 0 memorised, 7 levels left

rFire  . . .     SeeInvis .     a - +1 war axe
rCold  . . .     Gourm    .     q - +2 ring mail {MR+}
rNeg   . . .     Faith    .     c - +0 shield
rPois  .         Spirit   .     (helmet restricted)
rElec  .         Reflect  .     h - +0 cloak
rCorr  .         Harm     .     m - +0 pair of gloves
MR     +....                    (no boots)
Stlth  ..........               (no amulet)
                                (no ring)
                                (no ring)

@: no status effects
A: retaliatory headbutt, horns 2
a: no special abilities


You were on level 4 of the Dungeon.
You were not hungry.

You visited 1 branch of the dungeon, and saw 4 of its levels.
You also visited: Ossuary.

You collected 223 gold pieces.

Inventory:

Hand Weapons
 a - a +1 war axe (weapon)
Armour
 c - a +0 shield (worn)
 h - a +0 cloak (worn)
 m - a +0 pair of gloves (worn)
 q - a +2 ring mail of magic resistance (worn)
Jewellery
 l - an uncursed ring of wizardry
 p - an uncursed ring of protection from cold
Scrolls
 b - a scroll of magic mapping
 e - 2 scrolls of noise {unknown}
 g - a scroll of recharging {unknown}
 k - 2 scrolls of remove curse
 n - 2 scrolls of enchant weapon
 s - 2 scrolls of blinking {unknown}
 u - a scroll of random uselessness {unknown}
 w - a scroll of identify
 y - a scroll of amnesia {unknown}
 B - a scroll of teleportation {unknown}
Potions
 d - a potion of heal wounds
 i - a potion of ambrosia {unknown}
 o - a potion of brilliance {unknown}
 r - 2 potions of agility {unknown}
 t - 5 potions of curing
 x - a potion of flight {unknown}
 z - a potion of degeneration {unknown}
Comestibles
 f - 4 bread rations
 j - 3 meat rations
 v - 3 fruits


   Skills:
 + Level 6.1 Fighting
 * Level 7.6 Axes
 + Level 6.0 Armour
 - Level 1.2 Dodging
 + Level 5.7 Shields


You had 7 spell levels left.
You didn't know any spells.

Dungeon Overview and Level Annotations

Branches:
Dungeon (4/15)
 Temple: D:4-7

Altars:
Ashenzari
Dithmenos
Fedhas
Gozag
Uskayaw
The Shining One

Annotations:
D:4 Pikel


Innate Abilities, Weirdness & Mutations

You reflexively headbutt those who attack you in melee.
You have a pair of horns on your head.


Message History

You hit Pikel but do no damage.
Pikel is lightly wounded.
Pikel barely misses you. You furiously retaliate!
You headbutt Pikel. You closely miss Pikel.
Pikel is lightly wounded.
You block Pikel's attack. Pikel hits you but does no damage.
You are electrocuted!
You hit Pikel but do no damage.
Pikel is lightly wounded.
Pikel hits you with a whip of electrocution.
You barely miss Pikel.
Pikel is lightly wounded.
Pikel hits you with a whip of electrocution.
You are electrocuted!
You closely miss Pikel.
Pikel is lightly wounded.
Pikel zaps a wand.
The bolt of acid hits you!
* * * LOW HITPOINT WARNING * * *
You are splashed with acid!
The acid burns!
You die...

...# #.# ยง.#
#.#
#####.######.#
#.p.....#....#
#.#######.####
#p# #.# #p#
#.# #K# #.#
#@# #.# #.#
#.# #.# #.#
#_# #.# #.#
#.# #.# #.#
#### #.####
#.#####...
#....#
#....##.##
####.#
####.##.#


You could see Pikel and 3 slaves.

Vanquished Creatures
  Sigmund (D:2)
  The ghost of TheSilverBeluga the Skirmisher, an amateur FoAK of Lugonu (D:3)
  Blork the orc (D:4)
  A bullfrog (D:4)
  5 water moccasin zombies (Ossuary)
  An orc wizard (D:3)
  A worker ant (D:4)
  4 big kobold zombies (Ossuary)
  2 mummies (Ossuary)
  Robin (D:4)
  4 gnolls (D:3)
  5 adders
  6 adder zombies (Ossuary)
  An ooze (D:1)
  A worm (D:4)
  A dart slug (D:1)
  3 leopard geckos
  2 orcs (D:3)
  2 bats
  3 giant cockroaches
  17 goblins
  7 hobgoblins
  2 jackals (D:3)
  2 quokkas
  4 frilled lizards
  2 gnoll zombies (Ossuary)
  A goblin zombie (D:4)
  6 hobgoblin zombies (Ossuary)
  6 kobolds
  6 kobold zombies (Ossuary)
  6 orc zombies (Ossuary)
  A quokka zombie (D:4)
  3 rats
109 creatures vanquished.

Notes
Turn   | Place    | Note
-------+----------+-------------------------------------------
     0 | D:1      | tboon the Minotaur Fighter began the quest for the Orb.
     0 | D:1      | Reached XP level 1. HP: 19/19 MP: 0/0
   140 | D:1      | Reached XP level 2. HP: 27/27 MP: 1/1
   547 | D:2      | Reached skill level 3 in Axes
   547 | D:2      | Reached XP level 3. HP: 23/33 MP: 2/2
   672 | D:2      | Noticed Sigmund
   682 | D:2      | Killed Sigmund
   682 | D:2      | Reached skill level 4 in Axes
   682 | D:2      | Reached skill level 1 in Dodging
   682 | D:2      | Reached XP level 4. HP: 32/41 MP: 3/3
   682 | D:2      | Reached XP level 5. HP: 37/47 MP: 4/4
   893 | D:2      | Noticed a hand axe
   912 | D:2      | Noticed a dagger
   914 | D:2      | Found a hide-covered altar of Uskayaw.
  1276 | D:3      | Noticed TheSilverBeluga's ghost (amateur FoAK)
  1288 | D:3      | Killed TheSilverBeluga's ghost
  1288 | D:3      | Reached skill level 5 in Axes
  1288 | D:3      | Reached XP level 6. HP: 53/55 MP: 5/5
  1367 | D:3      | Reached skill level 5 in Fighting
  1490 | D:3      | Reached skill level 5 in Armour
  1942 | D:3      | Found a glowing golden altar of the Shining One.
  2111 | D:4      | Noticed Blork the orc
  2123 | D:4      | Killed Blork the orc
  2123 | D:4      | Reached skill level 5 in Shields
  2262 | D:4      | Found a sand-covered staircase.
  2283 | Ossuary  | Entered an ossuary
  2333 | Ossuary  | Reached skill level 6 in Axes
  2333 | Ossuary  | Reached XP level 7. HP: 61/61 MP: 6/6
  2626 | Ossuary  | Reached skill level 7 in Axes
  2801 | D:4      | Found a shattered altar of Ashenzari.
  2825 | D:4      | Noticed Robin
  2837 | D:4      | Killed Robin
  2981 | D:4      | Reached XP level 8. HP: 66/70 MP: 7/7
  3026 | D:4      | Found a shadowy altar of Dithmenos.
  3256 | D:4      | Found a blossoming altar of Fedhas.
  3270 | D:4      | Found an opulent altar of Gozag.
  3270 | D:4      | Noticed Pikel
  3292 | D:4      | Splashed by Pikel's acid

Vault maps used:
D:1:      erik_arrival_triangle_small
D:2:      dancing_weapons_uskayaw, grunt_ministairs_11, uniq_sigmund
D:3:      overflow_temple_1_default, first_bread
D:4:      overflow_temple_1_default, lemuel_round_altar,
          nicolae_dithmenos_shadow_blocks, kennysheep_mini_moat,
          enter_ossuary_4, minmay_splitting_lines, grunt_ministairs_9,
          uniq_blork_the_orc, uniq_robin, uniq_pikel
Ossuary:  ossuary_tomb_2

Skill      XL: |  1  2  3  4  5  6  7 |
---------------+----------------------+-----
Shields        | 4 5 |  5.7
Armour         | 4 5 6 |  6.0
Axes           | 3 4 5 6 7 |  7.6
Fighting       | 4 5 6 |  6.1
Dodging        | 1 |  1.2

Action                   |  1- 3 |  4- 6 |  7- 9 || total
-------------------------+-------+-------+-------++-------
Melee: War axe           |    61 |   132 |   142 ||   335
       Headbutt          |     5 |    22 |    17 ||    44
  Use: Potion            |     1 |       |       ||     1
       Scroll            |       |     5 |     2 ||     7
  Eat: Chunk             |       |     5 |     2 ||     7
       Pizza             |       |       |     1 ||     1
Armor: Scale mail        |    33 |     3 |       ||    36
       Ring mail         |       |    47 |    26 ||    73
Dodge: Dodged            |     6 |    34 |    44 ||    84
Block: Shield            |    21 |    58 |    60 ||   139
